Map: Orbital Shipyard

Players

Neuro

  • Race: Zerg Zerg

HuK - Winner!

  • Race: Protoss Protoss

Event: LycanGTV LotV Beta Tournament 1

VOD

Have the link to the VOD?

Description

Time

  • Played on: April 2, 2015, 1:27 p.m.
  • Length: 17:37

All games in this series

Show
View Real Time Build Order
Export as new Build Order

Neuro Zerg 

Build Orders: Pool First 

Get SALT Encoding   

  12  0:01  Drone  
  13  0:15  Overlord  
  13  0:19  Drone  
  14  0:34  Drone x2  
  16  0:40  Drone  
  17  0:49  Drone  
  18  0:52  Spawning Pool  
  17  1:10  Hatchery  
  16  1:13  Drone  
  16  1:17  Drone  
  18  1:42  Zergling x2  
  18  1:43  Zergling x4  
  18  1:46  Extractor, Queen  
  22  1:54  Overlord  
  22  2:12  Drone  
  23  2:17  Drone  
  23  2:21  Queen  
  26  2:25  Drone  
  26  2:27  Drone  
  28  2:30  Hatchery  
  27  2:38  Drone x2  
  29  2:48  Metabolic Boost  
  29  2:55  Drone  
  29  2:56  Drone x5  
  35  3:00  Drone  
  36  3:13  Overlord  
  36  3:21  Baneling Nest  
  35  3:31  Queen  
  37  3:36  Zergling x6  
  37  3:37  Zergling x6  
  37  3:40  Zergling x2  
  44  3:53  Overlord x2  
  44  3:54  Zergling x10  
  44  4:17  Zergling x8  
  44  4:18  Zergling x14  
  44  4:23  Drone  
  52  4:26  Drone x4  
  56  4:34  Drone x3  
  58  4:46  Lair  
  58  4:51  Drone  
  58  4:52  Drone x3  
  61  4:55  Drone  
  61  4:56  Drone x2  
  61  4:57  Drone  
  61  4:58  Overlord x2  
  65  5:05  Evolution Chamber  
  65  5:06  Evolution Chamber  
  63  5:08  Drone x2  
  65  5:17  Drone  
  65  5:18  Drone x6  
  72  5:31  Queen  
  72  5:41  Zerg Ground Armor Level 1, Zerg Melee Weapons Level 1  
  72  5:42  Extractor  
  67  5:44  Extractor  
  67  5:45  Drone x7  
  67  5:46  Drone  
  71  5:50  Drone  
  71  5:51  Drone x2  
  74  5:59  Hydralisk Den  
  74  6:02  Queen  
  73  6:04  Drone  
  73  6:05  Drone x2  
  73  6:07  Queen  
  78  6:13  Extractor  
  78  6:15  Extractor  
  76  6:23  Overlord x4  
  76  6:29  Hatchery, Muscular Augments  
  75  6:33  Drone x3  
  78  6:40  Drone x2, Infestation Pit  
  78  6:43  Drone x3, Extractor  
  81  6:47  Overseer  
  81  6:50  Zergling x12  
  87  6:58  Baneling  
  87  7:15  Hydralisk x6  
  96  7:23  Zergling x16  
  96  7:24  Hatchery, Zergling x2  
  96  7:27  Centrifical Hooks  
  104  7:41  Baneling  
  104  7:44  Overlord x3, Extractor  
  104  7:45  Drone x3  
  104  7:47  Hive  
  105  7:56  Zerg Melee Weapons Level 2  
  103  8:07  Zergling x16  
  103  8:08  Zergling x14  
  118  8:20  Zerg Ground Armor Level 2  
  118  8:26  Pathogen Glands  
  118  8:33  Pneumatized Carapace  
  118  8:34  Overseer  
  118  8:39  Extractor x2  
  118  8:40  Drone x3  
  118  8:41  Drone x3  
  121  8:42  Drone x9  
  121  8:43  Drone  
  125  9:08  Zergling x40  
  136  9:14  Baneling x9  
  136  9:15  Baneling x2  
  136  9:16  Baneling x2  
  136  9:17  Baneling  
  136  9:18  Baneling x2  
  136  9:19  Baneling x2  
  136  9:20  Baneling  
  136  9:21  Baneling x2  
  136  9:25  Adrenal Glands  
  102  9:47  Zergling x2  
  102  9:48  Zergling x34  
  107  9:53  Baneling  
  107  10:08  Ultralisk Cavern  
  107  10:12  Baneling x6  
  105  10:29  Hatchery  
  92  10:58  Ultralisk x6, Chitinous Plating  
  125  11:13  Zergling x22  
  125  11:15  Overlord  
  136  11:22  Zerg Melee Weapons Level 3  
  136  11:34  Hydralisk x2  
  136  11:35  Hydralisk x2  
  143  11:50  Overlord x3  
  143  11:51  Overlord x2  
  143  11:53  Overlord  
  143  12:03  Overseer  
  143  12:18  Infestor  
  143  12:19  Infestor x3  
  151  12:29  Infestor x2  
  151  12:31  Extractor  
  151  12:32  Extractor  
  151  12:34  Hatchery  
  151  12:36  Baneling x3  
  151  12:37  Baneling  
  152  12:50  Zergling x6  
  152  12:51  Zergling x16  
  163  13:03  Zergling x18  
  172  13:12  Zerg Ground Armor Level 3  
  127  13:48  Zergling x6  
  127  13:49  Zergling x46  
  148  13:57  Hydralisk  
  148  13:58  Hydralisk x2  
  131  14:15  Infestor x2  
  131  14:16  Infestor  
  136  14:19  Queen  
  136  14:20  Queen  
  140  14:25  Hydralisk x5  
  140  14:26  Hydralisk x2  
  140  14:29  Infestor  
  148  14:49  Infestor x4  
  153  14:55  Neural Parasite  
  153  14:58  Queen  
  138  15:13  Hydralisk  
  138  15:14  Hydralisk x5  
  147  15:39  Queen  
  144  15:53  Infestor x3  
  150  16:00  Hatchery  
  147  16:40  Zergling x12  
Show
View Real Time Build Order
Export as new Build Order

HuK Protoss - Winner!

Build Orders: 1 Gate Expand 

Get SALT Encoding   

  12  0:08  Pylon  
  12  0:13  Probe  
  13  0:25  Probe  
  14  0:32  Gateway  
  14  0:37  Probe  
  15  0:49  Probe  
  16  1:01  Probe  
  17  1:10  Nexus  
  17  1:14  Probe  
  18  1:21  Assimilator  
  18  1:26  Probe, Assimilator  
  19  1:35  Cybernetics Core  
  19  1:39  Probe  
  20  1:46  Pylon  
  20  1:51  Probe  
  21  1:57  Zealot (Chrono Boost)  
  21  2:03  Probe (Chrono Boost)  
  24  2:12  Warp Gate  
  24  2:15  Probe (Chrono Boost)  
  26  2:22  Probe  
  26  2:23  Probe  
  26  2:24  Zealot (Chrono Boost)  
  29  2:35  Probe x2  
  31  2:43  Sentry (Chrono Boost)  
  33  2:47  Probe x2  
  35  2:53  Robotics Facility  
  35  3:04  Zealot (Chrono Boost)  
  37  3:07  Probe (Chrono Boost)  
  37  3:09  Probe (Chrono Boost)  
  38  3:16  Gateway  
  38  3:17  Probe (Chrono Boost)  
  40  3:20  Probe (Chrono Boost)  
  40  3:23  Pylon  
  40  3:24  Probe  
  42  3:37  Mothership Core (Chrono Boost)  
  42  3:38  Pylon  
  44  3:41  Probe (Chrono Boost)  
  44  3:44  Immortal (Chrono Boost)  
  49  3:49  Probe (Chrono Boost)  
  49  3:51  Probe (Chrono Boost), Pylon  
  50  4:00  Probe  
  50  4:02  Assimilator  
  51  4:03  Probe  
  51  4:07  Assimilator  
  52  4:13  Probe  
  57  4:18  Immortal (Chrono Boost)  
  51  4:24  Probe  
  51  4:25  Probe  
  51  4:28  Forge  
  53  4:32  Sentry  
  53  4:35  Sentry  
  53  4:36  Probe  
  53  4:37  Probe  
  59  4:38  Warp Prism (Chrono Boost)  
  61  4:48  Probe  
  62  4:54  Gateway  
  62  4:56  Gateway  
  62  4:58  Gateway  
  63  5:09  Observer  
  63  5:10  Nexus  
  63  5:12  Sentry x2  
  67  5:18  Pylon x2  
  67  5:20  Pylon  
  67  5:22  Twilight Council  
  67  5:27  Pylon  
  67  5:39  Protoss Ground Weapons Level 1 (Chrono Boost)  
  67  5:45  Probe x2  
  69  5:54  Nexus  
  69  5:55  Pylon  
  69  6:06  Probe x2  
  69  6:08  Pylon  
  69  6:09  Zealot x3  
  77  6:11  Robotics Bay  
  77  6:22  Photon Cannon  
  77  6:23  Gateway  
  77  6:25  Charge (Chrono Boost)  
  77  6:35  Zealot x2  
  77  6:36  Probe x2  
  83  6:48  Probe  
  83  6:49  Probe  
  83  6:50  Photon Cannon  
  85  7:01  Probe x2  
  91  7:05  Disruptor (Chrono Boost)  
  91  7:13  Probe x2  
  93  7:23  Zealot x5  
  93  7:25  Probe x2  
  93  7:28  Probe  
  106  7:30  Pylon, Assimilator  
  106  7:31  Assimilator  
  106  7:33  Gravitic Drive  
  106  7:34  Disruptor (Chrono Boost)  
  110  7:37  Probe  
  110  7:39  Pylon, Protoss Ground Weapons Level 2 (Chrono Boost)  
  110  7:40  Pylon  
  111  7:48  Pylon  
  111  8:02  Zealot  
  111  8:03  Zealot x5  
  127  8:21  Blink  
  127  8:24  Disruptor  
  127  8:26  Zealot x3  
  127  8:27  Zealot x3  
  137  8:28  Disruptor  
  137  8:32  Disruptor  
  139  8:40  Nexus  
  139  8:44  Pylon  
  139  8:48  Pylon  
  139  8:51  Zealot x5  
  153  9:06  Disruptor  
  151  9:14  Zealot x6  
  163  9:24  Zealot x6  
  161  9:27  Photon Cannon  
  161  9:28  Photon Cannon  
  161  9:30  Photon Cannon  
  111  9:53  Assimilator  
  111  9:55  Disruptor (Chrono Boost)  
  111  9:57  Assimilator  
  111  10:00  Stargate  
  111  10:02  Protoss Air Weapons Level 1 (Chrono Boost)  
  111  10:03  Stargate  
  111  10:06  Stargate  
  109  10:11  Zealot x4  
  109  10:12  Zealot x2  
  119  10:28  Photon Cannon  
  119  10:35  Zealot x3  
  119  10:36  Zealot x3  
  114  10:59  Probe x3  
  117  11:06  Fleet Beacon  
  117  11:10  Sentry x4  
  125  11:12  Zealot x2  
  129  11:23  Photon Cannon x2  
  129  11:24  Photon Cannon x2  
  129  11:37  Stalker  
  129  11:38  Stalker x2  
  129  11:39  Stalker x3  
  139  11:40  Carrier (Chrono Boost)  
  139  11:43  Templar Archives, Carrier (Chrono Boost)  
  139  11:44  Probe  
  143  11:55  Carrier (Chrono Boost)  
  152  12:04  Graviton Catapult  
  152  12:05  Observer  
  152  12:06  Observer Gravitic Boosters (Chrono Boost)  
  153  12:14  Sentry  
  153  12:15  Protoss Air Weapons Level 2 (Chrono Boost)  
  161  12:21  Protoss Shields Level 1  
  160  12:32  High Templar x2, Carrier (Chrono Boost)  
  160  12:33  High Templar x2  
  168  12:38  Archon  
  168  12:39  Carrier (Chrono Boost)  
  168  12:40  Archon  
  166  12:46  Disruptor  
  178  12:58  Disruptor  
  178  13:04  Carrier (Chrono Boost)  
  178  13:06  Pylon  
  178  13:08  Disruptor  
  178  13:15  Carrier (Chrono Boost)  
  183  13:28  Carrier (Chrono Boost)  
  183  13:33  Disruptor  
  189  13:38  Zealot x3  
  165  13:55  Carrier (Chrono Boost)  
  129  13:57  Zealot x3  
  129  14:15  Protoss Air Weapons Level 3 (Chrono Boost), Photon Cannon  
  135  14:17  Photon Cannon  
  135  14:20  Photon Cannon  
  135  14:24  High Templar  
  135  14:25  High Templar x3  
  135  14:27  Disruptor  
  135  14:31  Archon x2  
  143  14:42  Protoss Shields Level 2 (Chrono Boost)  
  141  14:48  Carrier x2 (Chrono Boost)  
  141  14:52  Zealot x2  
  145  15:29  Zealot x3  
  145  15:30  Zealot x3  
  157  15:36  Carrier (Chrono Boost)  
  163  15:58  Zealot x2  
  163  15:59  Zealot x4  
  175  16:07  Mothership Core (Chrono Boost)  
  171  16:27  Zealot x3  
  171  16:28  Zealot x3  
  177  16:39  Disruptor  
  149  17:28  Zealot  
  149  17:29  Zealot  

Tags
 
Add a new tag
Caveats
  • Supply blocks, unpowered buildings, or Contaminate may cause inaccurate times.
  • Supply counts are checked every 10 seconds.